 Dungeon Crawl Stone Soup version 0.30.1-9-gdf580d7c3d (webtiles) character file.

Game seed: 4589040698197458593

700 Woods the Magician (level 7, -27/36 HPs)
             Began as a Deep Elf Fire Elementalist on Oct 23, 2023.
             Killed by an exploding orc (45 damage)
             ... ignited by their inner flame
             ... on level 4 of the Dungeon.
             The game lasted 00:10:15 (4827 turns).

Woods the Magician (Deep Elf Fire Elementalist)     Turns: 4827, Time: 00:10:15

Health: -27/36     AC:  4    Str:  5    XL:     7   Next: 38%
Magic:  4/17       EV: 15    Int: 22    God:
Gold:   187        SH:  0    Dex: 21    Spells: 8/17 levels left

rFire   . . .        (no weapon)
rCold   . . .        (no shield)
rNeg    . . .        a - +0 robe
rPois   .            i - +0 helmet
rElec   .            q - +0 cloak
rCorr   .            (no gloves)
SInv    .            (no boots)
Will    .....        (no amulet)
Stlth   ++           d - +6 ring of dexterity
HPRegen 0.26/turn    (no ring)
MPRegen 0.15/turn

%: no passive effects
@: very slow
A: no striking features
a: no special abilities


You were on level 4 of the Dungeon.
You visited 1 branch of the dungeon, and saw 4 of its levels.

You collected 187 gold pieces.

Inventory:

Armour
 a - a +0 robe (worn)
 i - a +0 helmet (worn)
 q - a +0 cloak (worn)
Magical Staves
 m - a staff of earth
Jewellery
 d - a +6 ring of dexterity (left hand)
Scrolls
 e - a scroll of amnesia {unknown}
 g - 6 scrolls of identify
 h - a scroll of magic mapping {unknown}
 j - 2 scrolls of teleportation
 n - 2 scrolls of blinking {unknown}
 o - a scroll of fog {unknown}
 r - a scroll of enchant weapon {unknown}
Potions
 b - a potion of attraction {unknown}
 c - 4 potions of curing {unknown}
 f - a potion of ambrosia {unknown}
 k - a potion of haste {unknown}
 l - a potion of cancellation {unknown}
 p - 2 potions of magic


   Skills:
 - Level 5.0 Dodging
 + Level 5.4 Stealth
 + Level 5.5 Spellcasting
 + Level 4.0 Conjurations
 - Level 5.0 Fire Magic


You had 8 spell levels left.
You knew the following spells:

 Your Spells              Type           Power      Damage    Failure   Level
a - Foxfire               Conj/Fire      100%       2x1d9     1%          1
b - Scorch                Fire           56%        2d7       1%          2
c - Inner Flame           Hex/Fire       17%        N/A       11%         3
d - Volatile Blastmotes   Fire/Tloc      34%        2d12      11%         3

Your spell library contained the following spells:

 Spells                   Type           Power      Damage    Failure   Level
 Flame Wave               Conj/Fire      26%        2d8       14%         4


Dungeon Overview and Level Annotations

Branches:
Dungeon (4/15)
 Temple: D:4-7

Altars:
Okawaru
Qazlal
Sif Muna
The Shining One


Message History

Casting: Scorch (safe; 1% risk of failure)
Confirm with . or Enter, or press ? or * to list all spells.
You conjure some foxfire!
Casting: Foxfire (safe; 1% risk of failure)
Confirm with . or Enter, or press ? or * to list all spells.
The spell is quite dangerous to miscast (11% risk of failure)!
Continue anyway?
Okay, then.
Casting: Volatile Blastmotes (quite dangerous; 11% risk of failure)
Confirm with . or Enter, or press ? or * to list all spells.
The spell is quite dangerous to miscast (11% risk of failure)!
Continue anyway?
Aiming: Inner Flame (quite dangerous; 11% risk of failure)
Press: ? - help, Dir - move target, f - orc
Aim: an orc, wielding a +0 dagger and wearing a +0 chain mail of cold resistance (ally target, chance to affect: 84%)
The orc is filled with an inner flame.
The foxfire hits the orc but does no damage. x2
Unknown command.
Casting: Inner Flame (quite dangerous; 11% risk of failure)
Confirm with . or Enter, or press ? or * to list all spells.
You miscast Scorch.
You are very lightly contaminated with residual magic.
Nothing appears to happen.
Casting: Scorch (safe; 1% risk of failure)
Confirm with . or Enter, or press ? or * to list all spells.
Flames lash the orc but do no damage.
Unknown command.
Casting: Scorch (safe; 1% risk of failure)
Confirm with . or Enter, or press ? or * to list all spells.
The spell is quite dangerous to miscast (11% risk of failure)!
Continue anyway?
A cloud of volatile blastmotes flares up around you!
The orc closely misses you. The gnoll closely misses you.
Your magical contamination has completely faded away.
You enter the shallow water.
Moving in this stuff is going to be slow.
The cloud of blastmotes explodes!
The concussive blast engulfs the orc!
The concussive blast engulfs you!!
Ouch! That really hurt!
The orc explodes!
The fiery explosion engulfs you!!!
Ouch! That really hurt!
You die...

.####...#######............## ###
..###......## ##............###..
...##.......## #########.##......
........#....# ###).###.....
.......##....########.).#..[..##.
...#.....P......).....)))........
...#....~~~~~≈~≈~~≈≈≈~~~≈)≈....~≈
...#....~≈≈≈≈≈≈≈≈~≈≈≈≈~≈≈≈)....~≈
...#....~≈#####~@§§~≈≈≈)†~)....≈~
...#....~≈#...#.§§§g....)........
...#....~≈#...#############''''##
...#...P~≈###'# #....#
...#....~≈≈ .. #....# ...# #....#
..)# #o)..# ... #....#
.Kgg..'....'


You could see a gnoll.

Vanquished Creatures
  An ogre (D:4)
  A kobold brigand (D:4)
  A scorpion (D:4)
  2 howler monkeys (D:4)
  A hound (D:4)
  Crazy Yiuf (D:3)
  Jessica (D:3)
  Terence (D:3)
  8 adders
  12 gnolls (D:4)
  An ufetubus (D:4)
  A worm (D:4)
  A dart slug (D:2)
  11 orcs
  9 ball pythons
  11 endoplasms
  5 giant cockroaches
  7 goblins
  5 hobgoblins
  7 jackals
  9 kobolds
  3 quokkas
  6 bats
  3 frilled lizards
  3 rats
  2 butterflies (D:4)
113 creatures vanquished.

Vanquished Creatures (others)
  267 foxfires
267 creatures vanquished.

Grand Total: 380 creatures vanquished

Notes
Turn   | Place    | Note
-------+----------+-------------------------------------------
     0 | D:1      | Woods the Deep Elf Fire Elementalist began the quest for
                  | the Orb.
     0 | D:1      | Reached XP level 1. HP: 10/10 MP: 6/6
   353 | D:1      | Reached XP level 2. HP: 15/15 MP: 4/8
   408 | D:1      | Learned a level 2 spell: Scorch
  1644 | D:2      | Reached XP level 3. HP: 19/19 MP: 6/9
  2381 | D:2      | Reached XP level 4. HP: 19/20 MP: 8/11
  2877 | D:3      | Noticed Jessica
  2880 | D:3      | Killed Jessica
  2885 | D:3      | Learned a level 3 spell: Inner Flame
  2889 | D:3      | Learned a level 3 spell: Volatile Blastmotes
  2891 | D:3      | Noticed Terence
  2936 | D:3      | Reached XP level 5. HP: 27/27 MP: 10/13
  2947 | D:3      | Killed Terence
  2996 | D:3      | Found a faded altar of an unknown god.
  3250 | D:3      | Found a glowing golden altar of the Shining One.
  3385 | D:3      | Found a shimmering blue altar of Sif Muna.
  3672 | D:3      | Found a runed translucent door.
  3673 | D:3      | Noticed Crazy Yiuf
  3679 | D:3      | Killed Crazy Yiuf
  3825 | D:4      | Noticed an ogre
  3829 | D:4      | Killed an ogre
  3830 | D:4      | Reached XP level 6. HP: 32/32 MP: 7/14
  4143 | D:4      | Found a stormy altar of Qazlal.
  4269 | D:4      | Found an iron altar of Okawaru.
  4468 | D:4      | Reached skill level 5 in Spellcasting
  4480 | D:4      | Reached skill level 5 in Stealth
  4480 | D:4      | Reached XP level 7. HP: 36/36 MP: 0/16
  4614 | D:4      | Reached skill level 5 in Fire Magic
  4813 | D:4      | Reached skill level 5 in Dodging
  4827 | D:4      | Killed by an exploding orc... ignited by their inner flame

Illustrated notes

Levels and vault maps discovered:
D:1:      mrwooster_arrival_arrow, layout_basic, minmay_misc_feat_tower
D:2:      layout_loops_corners, guppyfry_early_orc_mine
D:3:      layout_rooms, mainiacjoe_overflow_alcove_1,
          nicolae_tso_swordbearing_angel, ebering_ecumenical_altar_mist,
          uniq_terence, uniq_crazy_yiuf_cottage, uniq_jessica
D:4:      lemuel_castle_with_subvaults [lemuel_castle_interior_carwin_2],
          layout_rooms, mainiacjoe_overflow_concentric_impassable,
          mainiacjoe_overflow_six_doors_small, hangedman_glass_garden

Skill      XL: |  1  2  3  4  5  6  7 |
---------------+----------------------+-----
Stealth        | 3 4 5 |  5.4
Dodging        | 3 4 5 |  5.0
Conjurations   | 2 3 4 |  4.0
Spellcasting   | 4 5 |  5.5
Fire Magic     | 4 5 |  5.0

Action                     |  1- 3 |  4- 6 |  7- 9 || total
---------------------------+-------+-------+-------++-------
  Melee: Unarmed           |     3 |     3 |       ||     6
   Cast: Foxfire           |    74 |    73 |    18 ||   165
         Scorch            |    14 |    30 |     9 ||    53
         Volatile Blastmot |       |     4 |     1 ||     5
         Inner Flame       |       |     3 |     1 ||     4
    Use: Potion            |       |     1 |       ||     1
         Scroll            |       |     2 |       ||     2
 Armour: Robe              |     6 |     3 |       ||     9
  Dodge: Dodged            |    17 |    14 |     6 ||    37
